 Dungeon Crawl Stone Soup version 0.27.1-33-g824d729ab1 (webtiles) character file.

Game seed: 17834109686896460530

72 zeram the Caller (level 4, 0/39 HPs)
             Began as a Troll Summoner on Nov 26, 2021.
             Slain by a gnoll (5 damage)
             ... on level 1 of the Dungeon.
             The game lasted 00:02:25 (1171 turns).

zeram the Caller (Troll Summoner)                   Turns: 1171, Time: 00:02:26

Health: 0/39       AC:  4    Str: 16    XL:     4   Next: 7%
Magic:  4/4        EV: 10    Int: 12    God:
Gold:   174        SH:  0    Dex: 10    Spells: 4/5 levels left

rFire    . . .     SeeInvis .   b - +1 spear (freeze)
rCold    . . .     Faith    .   (no shield)
rNeg     . . .     Spirit   .   a - +0 robe
rPois    .         Reflect  .   (helmet restricted)
rElec    .         Harm     .   (no cloak)
rCorr    +         Rampage  .   (gloves unavailable)
Will     .....                  (boots unavailable)
Stlth    +.........             (no amulet)
HPRegen  1.13/turn              i - ring of resist corrosion
MPRegen  0.09/turn              (no ring)

@: no status effects
A: large, unfitting armour, claws 3, regeneration 1, shaggy fur 1, tough skin 1
a: no special abilities


You were on level 1 of the Dungeon.
You visited 1 branch of the dungeon, and saw 2 of its levels.

You collected 174 gold pieces.

Inventory:

Hand Weapons
 b - a +1 spear of freezing (weapon)
Armour
 a - a +0 robe (worn)
Jewellery
 i - a ring of resist corrosion (left claw)
Scrolls
 e - a scroll of noise {unknown}
 h - a scroll of identify
Potions
 c - a potion of magic {unknown}
 d - 2 potions of flight
 f - a potion of heal wounds {unknown}
 g - a potion of curing {unknown}


   Skills:
 + Level 2.3 Dodging
 - Level 1.0 Stealth
 - Level 1.2 Spellcasting
 + Level 3.9 Summonings


You had 4 spell levels left.
You knew the following spells:

 Your Spells              Type           Power      Damage    Failure   Level
a - Summon Small Mammal   Summ           40%        N/A       6%          1

Your spell library contained the following spells:

 Spells                   Type           Power      Damage    Failure   Level
 Call Imp                 Summ           10%        N/A       9%          2
 Call Canine Familiar     Summ           10%        N/A       17%         3
 Summon Guardian Golem    Hex/Summ       5%         N/A       36%         3
 Ensorcelled Hibernation  Hex/Ice        0%         N/A       41%         2
 Passwall                 Tmut/Erth      0%         N/A       41%         2
 Spider Form              Tmut/Pois      0%         N/A       65%         3
 Swiftness                Air            0%         N/A       65%         3
 Summon Lightning Spire   Summ/Air       5%         N/A       78%         4
 Invisibility             Hex            0%         N/A       100%        6
 Shadow Creatures         Summ           N/A        N/A       100%        6


Dungeon Overview and Level Annotations

Branches:
Dungeon (2/15)

Altars:
Kikubaaqudgha
Beogh

Shops:
D:1 =


Innate Abilities, Weirdness & Mutations

You are too large for most types of armour.
You have claws for hands.
Your natural rate of healing is unusually fast.
You are covered in fur. (AC +1)
You have tough skin. (AC +1)


Message History

You closely miss the quokka.
The quokka is heavily wounded.
The quokka misses you.
You closely miss the quokka.
The quokka is heavily wounded.
The quokka closely misses you. x2
You closely miss the quokka.
The quokka is heavily wounded.
The quokka bites you but does no damage.
You hit the quokka. You freeze the quokka.
You kill the quokka!
No target in view!
No target in view!
HP restored.
You climb downwards.
There is a stone staircase leading up, spattered with blood here.
You barely miss the gnoll. The gnoll hits you with a +0 whip.
The gnoll hits you from afar with a +0 halberd.
You barely miss the gnoll. The gnoll hits you with a +0 whip!
The gnoll barely misses you.
You barely miss the gnoll. The gnoll hits you with a +0 whip.
The gnoll closely misses you.
You hit the gnoll. You freeze the gnoll.
The gnoll is heavily wounded.
The gnoll hits you with a +0 whip. The gnoll hits you but does no damage.
The gnoll closely misses you. The gnoll hits you with a +0 whip.
The gnoll hits you but does no damage.
The gnoll hits you from afar with a +0 halberd!
* * * LOW HITPOINT WARNING * * *
The gnoll barely misses you.
You climb upwards.
There is a stone staircase leading down here.
Okay, then.
You hit the gnoll. You freeze the gnoll.
The gnoll is severely wounded.
The gnoll closely misses you.
You barely miss the gnoll.
The gnoll is severely wounded.
The gnoll hits you with a +0 whip.
You die...

....######...#.#.#.#.###.#####
....# #..##.#.#..........####
....# #...#.#.###.##.#......##
....# ###.#.#.###.#..#.#.##..#
##### #...#.......##.....#.#
#..##.###...##.###.#.. #..##.#
#...##.....##. #...#)#
#...###.......
#.#.#@###..÷.....###..
#.#.†g)##.+..###.....#
###.###..##.............
######....##..............###
#...........∩................
#............##...........###
#........##..##...........#
#........##.....#.#########
#.............##..#


You could see a gnoll.

Vanquished Creatures
  A gnoll (D:1)
  An adder (D:2)
  2 dart slugs
  3 orcs (D:2)
  3 bats
  An endoplasm (D:2)
  3 giant cockroaches
  3 goblins
  3 hobgoblins (D:2)
  7 jackals (D:1)
  4 kobolds
  3 quokkas
  A ball python (D:2)
  3 frilled lizards
  3 rats
41 creatures vanquished.

Vanquished Creatures (others)
  3 toadstools (D:1)
3 creatures vanquished.

Grand Total: 44 creatures vanquished

Notes
Turn   | Place    | Note
-------+----------+-------------------------------------------
     0 | D:1      | zeram the Troll Summoner began the quest for the Orb.
     0 | D:1      | Reached XP level 1. HP: 16/16 MP: 1/1
    26 | D:1      | Reached skill level 3 in Summonings
   223 | D:1      | Reached XP level 2. HP: 24/24 MP: 2/2
   495 | D:1      | Found an ancient bone altar of Kikubaaqudgha.
   552 | D:1      | Found Covvaod's Jewellery Shop.
   838 | D:2      | Reached XP level 3. HP: 31/31 MP: 3/3
   970 | D:2      | Found a faded altar of an unknown god.
  1135 | D:1      | Reached XP level 4. HP: 24/39 MP: 4/4
  1168 | D:2      | HP: 1/39 [gnoll (13)]
  1171 | D:1      | Slain by a gnoll

Illustrated notes

Levels and vault maps discovered:
D:1:      sevenhm_arrival_forest_fort_small_6, layout_basic, serial_shops,
          nicolae_square_shop, minmay_misc_feat_columns,
          minmay_gold_behind_fungi
D:2:      layout_rooms, hellmonk_ecumenical_altar_defaced_shrine, fountainhead,
          bh_walls_and_bars, uniq_robin

Skill      XL: |  1  2  3 |
---------------+----------+-----
Summonings     | 3 |  3.9
Dodging        | 2 |  2.3
Stealth        | |  1.0
Spellcasting   | |  1.2

Action                   |  1- 3 |  4- 6 || total
-------------------------+-------+-------++-------
Melee: Unarmed           |   116 |       ||   116
       Spear             |     9 |    16 ||    25
  Use: Scroll            |     3 |       ||     3
 Stab: Sleeping          |     3 |       ||     3
Armor: Robe              |    52 |     5 ||    57
Dodge: Dodged            |    92 |    11 ||   103
